 Dungeon Crawl Stone Soup version 0.20-a0-947-g2784f4f (webtiles) character file.

5565 JeffiDaFish the Blocker (level 10, -1/61 HPs)
             Began as a Gargoyle Fighter on Apr 4, 2017.
             Was a Believer of Okawaru.
             Slain by an orc warrior
             ... wielding a +0 glaive
              (12 damage)
             ... in a bailey.
             The game lasted 00:20:35 (7010 turns).

JeffiDaFish the Blocker (Gargoyle Fighter)          Turns: 7010, Time: 00:20:36

Health: -1/61      AC: 25    Str: 24    XL:     10   Next: 72%
Magic:  10/10      EV:  7    Int: 10    God:    Okawaru [**....]
Gold:   645        SH: 13    Dex: 12    Spells: 9/9 levels left

rFire    . . .     SeeInvis +   a - +4 flail
rCold    . . .     Gourm    .   c - +1 shield
rNeg     + . .     Faith    .   q - +0 plate armour
rPois    ∞         Spirit   .   m - +0 helmet
rElec    +         Reflect  .   s - +2 cloak
rCorr    .         Harm     .   (no gloves)
MR       .....                  (no boots)
Stlth    ..........             j - amulet of regeneration
Regen    0.6/turn               p - ring of see invisible (curse)
MPRegen  0.2/turn               (no ring)

@: mighty
A: negative energy resistance 1, electricity resistance, unbreathing,
petrification resistance, rot immunity, AC +7
a: Heroism, Renounce Religion


You were in a bailey.
You worshipped Okawaru.
Okawaru was pleased with you.
You were not hungry.

You visited 2 branches of the dungeon, and saw 9 of its levels.
You also visited: Bailey.

You collected 645 gold pieces.

Inventory:

Hand Weapons
 a - a +4 flail (weapon)
 n - the +5 falchion of Lies {antimagic, Str-3 Dex+9}
   (You took it off a centaur on level 6 of the Dungeon)

   It reduces the magical energy of the wielder, and disrupts the spells and
   magical abilities of those hit.
   Natural abilities and divine invocations are not affected.
   It affects your strength (-3).
   It affects your dexterity (+9).
Armour
 c - a +1 shield (worn)
 m - a +0 helmet (worn)
 q - a +0 plate armour (worn)
 s - a +2 cloak (worn)
Jewellery
 j - an amulet of regeneration (around neck)
 p - a cursed ring of see invisible (left hand)
Wands
 w - a wand of polymorph (9/24)
Scrolls
 b - 9 scrolls of teleportation
 e - 5 scrolls of identify
 g - a scroll of fear
 t - 2 scrolls of amnesia
Potions
 d - 2 potions of might
 h - a potion of haste
 o - a potion of ambrosia
 r - 2 potions of flight
Comestibles
 f - 8 bread rations
 i - 10 chunks of flesh
 k - 6 meat rations
 l - 3 royal jellies


   Skills:
 + Level 6.5 Fighting
 + Level 10.0 Maces & Flails
 + Level 7.3 Armour
 + Level 1.7 Dodging
 + Level 0.8 Stealth
 + Level 10.3 Shields


You had 9 spell levels left.
You didn't know any spells.

Dungeon Overview and Level Annotations

Branches:
Dungeon (8/15)             Temple (1/1) D:7
   Lair: D:8-11

Altars:
Ashenzari
Cheibriados
Dithmenos
Elyvilon
Fedhas
Gozag
Hepliaklqana
Makhleb
Nemelex Xobeh
Okawaru
Qazlal
Ru
Sif Muna
Trog
Uskayaw
Vehumet
Xom
Yredelemnul
Zin
The Shining One


Innate Abilities, Weirdness & Mutations

You are resistant to torment.
Your stone body is resilient. (AC +7)
You are immune to poison.
You resist negative energy. (rN+)
You are resistant to electric shocks. (rElec)
You can survive without breathing.
You are immune to petrification.
You are immune to rotting.


Message History

You block the orc warrior's attack.
The orc warrior hits you but does no damage.
The orc hits you but does no damage. You block the orc's attack.
You sock the orc warrior!
You kill the orc warrior!
Okawaru accepts your kill.
You hit the orc warrior but do no damage.
You block the orc's attack.
The orc warrior hits you but does no damage.
The orc completely misses you.
You hit the orc warrior.
The orc warrior is lightly wounded.
You block the orc's attack. x2; You block the orc warrior's attack.
Your shield prevents you from hitting the orc warrior.
The orc warrior is lightly wounded.
The orc hits you but does no damage. You block the orc's attack.
You completely miss the orc warrior.
The orc warrior is lightly wounded.
The orc warrior hits you with a glaive!
You die...

###################
##≈≈≈≈≈≈≈≈≈≈≈≈≈≈≈≈≈##
##..........oo..)....##
#..........@)oo)))....##
####'##########⌠)......#≈≈≈≈
#≈............#####....#≈≈≈≈
#≈...≈≈≈≈≈≈≈≈≈....##...#≈≈≈≈
##≈..≈≈.......≈≈≈.⌠.#o..#≈≈≈≈
##≈≈....≈≈≈≈≈≈≈..≈≈..#...#≈≈≈.
##≈≈...≈≈≈.....≈≈≈.≈≈.#⌠..#≈≈≈.
#≈≈⌠..≈≈..≈≈≈≈≈.)≈≈.≈.##..#≈≈c≈
#≈≈..≈≈.≈≈≈...≈≈≈.≈.≈≈.#..#####


You could see an orc warrior and 3 orcs.

Vanquished Creatures
  The ghost of logorrheac the Grappler, a novice TrBe of Trog (Bailey)
  The ghost of pokedragonboy the Transmogrifier, a novice DrTm of Nemelex Xobeh (D:8)
  Prince Ribbit (D:7)
  A hungry ghost (D:8)
  Menkaure (D:7)
  3 water moccasins
  6 orc warriors
  3 sky beasts
  2 ice beasts
  A phantom (D:4)
  2 ogres
  4 centaurs
  5 big kobolds (D:6)
  3 bullfrogs
  4 scorpions
  A howler monkey (D:4)
  3 electric eels (D:6)
  A centaur zombie (D:6)
  2 crimson imps
  A quasit (D:6)
  A bullfrog zombie (D:7)
  An orc priest (D:3)
  2 bullfrog skeletons
  2 centaur skeletons
  6 hounds
  4 orc wizards
  3 iguanas
  5 worker ants
  2 gnolls (D:6)
  9 adders
  2 oozes
  An adder zombie (D:5)
  2 adder skeletons
  4 worms
  2 dart slugs
  3 leopard geckos
  37 orcs
  2 ball pythons
  5 bats
  A giant cockroach (D:6)
  9 hobgoblins
  4 jackals
  55 kobolds
  6 quokkas
  6 frilled lizards
  11 goblins
  A jackal zombie (D:8)
  A leopard gecko zombie (D:6)
  9 rats
242 creatures vanquished.

Vanquished Creatures (others)
  A quokka (D:6)
1 creature vanquished.

Grand Total: 243 creatures vanquished

Notes
Turn   | Place    | Note
-------+----------+-------------------------------------------
     0 | D:1      | JeffiDaFish the Gargoyle Fighter began the quest for the Orb.
     0 | D:1      | Reached XP level 1. HP: 14/14 MP: 1/1
   227 | D:1      | Reached XP level 2. HP: 12/19 MP: 2/2
   968 | D:2      | Reached XP level 3. HP: 21/23 MP: 3/3
  1279 | D:2      | Reached XP level 4. HP: 28/28 MP: 4/4
  1806 | D:3      | Reached XP level 5. HP: 33/33 MP: 5/5
  1875 | D:3      | You fall through a shaft for 3 floors!
  2014 | D:5      | Entered Level 5 of the Dungeon
  2358 | D:4      | Noticed a phantom
  2395 | D:4      | Killed a phantom
  2395 | D:4      | Reached XP level 6. HP: 30/38 MP: 6/6
  3097 | D:5      | Reached skill level 5 in Maces & Flails
  3119 | D:5      | Found a burning altar of Makhleb.
  3203 | D:5      | Reached XP level 7. HP: 39/43 MP: 7/7
  3251 | D:5      | Reached skill level 5 in Shields
  3505 | D:5      | Reached skill level 5 in Armour
  3722 | D:5      | Reached skill level 1 in Dodging
  3757 | D:6      | Reached XP level 8. HP: 31/48 MP: 8/8
  4727 | D:6      | Got a jewelled falchion {antimagic}
  4728 | D:6      | Identified the +5 falchion of Lies {antimagic, Str-3 Dex+9} (You took it off a centaur on level 6 of the Dungeon)
  4752 | D:6      | Reached XP level 9. HP: 40/52 MP: 9/9
  5334 | D:7      | Noticed Menkaure
  5356 | D:7      | Reached skill level 5 in Fighting
  5360 | D:7      | Killed Menkaure
  5505 | D:7      | Noticed Prince Ribbit
  5546 | D:7      | Killed Prince Ribbit
  5756 | D:7      | Found a staircase to the Ecumenical Temple.
  5759 | D:7      | Found a bloodstained altar of Trog.
  5783 | Temple   | Entered the Ecumenical Temple
  5949 | Temple   | Became a worshipper of Warmaster Okawaru
  6105 | D:8      | Noticed pokedragonboy's ghost (novice DrTm)
  6141 | D:8      | Killed pokedragonboy's ghost
  6141 | D:8      | Reached XP level 10. HP: 28/60 MP: 10/10
  6277 | D:8      | Reached * piety under Okawaru
  6517 | D:8      | Found a deep blue altar of Sif Muna.
  6680 | D:8      | Found a flagged portal.
  6706 | Bailey   | Entered a bailey
  6952 | Bailey   | Noticed logorrheac's ghost (novice TrBe)
  6992 | Bailey   | Killed logorrheac's ghost
  6992 | Bailey   | Reached ** piety under Okawaru
  6992 | Bailey   | Reached skill level 10 in Maces & Flails
  6992 | Bailey   | Reached skill level 10 in Shields
  7010 | Bailey   | Slain by an orc warrior

Vault maps used:
D:1:      roderic_dead_forest
D:4:      kennysheep_six_static_rooms, minmay_misc_feat_ornament
D:5:      first_bread, bloody_makhleb
D:6:      minmay_goblin_kobold_castle
D:7:      overflow_temple_1_default, minmay_temple_entry_purple_smoke,
          uniq_prince_ribbit1, uniq_menkaure
D:8:      kennysheep_mini_moat, enter_bailey_3, grunt_ogre_cave
Temple:   dpeg_five_rooms_temple
Bailey:   bailey_polearm_flooded_kennysheep, bailey

Skill      XL: |  1  2  3  4  5  6  7  8  9 10 |
---------------+-------------------------------+-----
Maces & Flails | 3 4 5 6 7 9 10 | 10.0
Armour         | 4 5 6 7 |  7.3
Shields        | 4 5 7 9 10 | 10.3
Fighting       | 4 5 6 |  6.5
Dodging        | 1 |  1.7
Stealth        | |  0.8

Action                   |  1- 3 |  4- 6 |  7- 9 | 10-12 || total
-------------------------+-------+-------+-------+-------++-------
Melee: Flail             |   134 |   197 |   643 |   186 ||  1160
  Use: Scroll            |     4 |     3 |     6 |     2 ||    15
       Potion            |     2 |     7 |     6 |     2 ||    17
  Eat: Chunk             |     1 |     7 |    10 |     6 ||    24
Armor: Scale mail        |    38 |       |       |       ||    38
       Chain mail        |    31 |   109 |    68 |       ||   208
       Plate armour      |       |       |   431 |   114 ||   545
Dodge: Dodged            |    39 |    24 |   146 |    35 ||   244
Block: Shield            |    60 |   105 |   486 |   157 ||   808
